 Dungeon Crawl Stone Soup version 0.17-a0-77-gee7a2f2 (webtiles) character file.

59 Pikaro the Slasher (level 3, -3/24 HPs)
             Began as a High Elf Skald on Mar 13, 2015.
             Killed from afar by Sigmund (6 damage)
             ... with a magic dart
             ... on level 2 of the Dungeon.
             The game lasted 00:06:36 (2993 turns).

Pikaro the Slasher (High Elf Skald)                 Turns: 2993, Time: 00:06:37

Health: -3/24      AC:  0    Str: 12    XL:     3   Next: 78%
Magic:  8/8        EV: 14    Int: 15    God:
Gold:   86         SH:  0    Dex: 15    Spells: 3 memorised, 1 level left

rFire  . . .     SeeInvis .     a - melded +1 falchion
rCold  . . .     Clarity  .     b - melded +0 leather armour
rNeg   . . .     SustAb   .     (shield currently unavailable)
rPois  .         Gourm    .     (helmet currently unavailable)
rElec  .         Spirit   .     (cloak currently unavailable)
rCorr  .         Warding  .     (gloves currently unavailable)
rMut   .         Stasis   .     (boots currently unavailable)
MR     .....                    (no amulet)
Stlth  +.........               (ring currently unavailable)
                                k - melded ring of loudness (curse) {Stlth-}

@: confused, pig-form (expiring), very quick, not resistant to hostile
enchantments, very unstealthy
A: no striking features
a: no special abilities


You were on level 2 of the Dungeon.
You were not hungry.
You were a filthy swine.
You visited 1 branch of the dungeon, and saw 3 of its levels.

You collected 86 gold pieces.

Inventory:

Hand weapons
 a - a +1 falchion (melded)
 d - a +0 blowgun
   (You took it off a kobold on level 3 of the Dungeon)
Missiles
 n - 4 poisoned needles
Armour
 b - a +0 leather armour (melded)
Jewellery
 k - a cursed ring of loudness (melded) {Stlth-}
   (You found it on level 1 of the Dungeon)
Magical devices
 p - a wand of random effects (10)
   (You found it on level 2 of the Dungeon)
Scrolls
 f - a scroll of fog {unknown}
 g - a scroll of random uselessness {unknown}
 h - 2 scrolls of enchant weapon
 i - a scroll of magic mapping {unknown}
 l - a scroll of identify
 m - a scroll of blinking {unknown}
 o - a scroll of remove curse {unknown}
 s - a scroll of recharging {unknown}
Potions
 e - 2 potions of curing
 j - a potion of agility
Books
 c - a book of Battle
Comestibles
 q - a beef jerky
 r - 3 chunks of flesh


   Skills:
 - Level 2.0 Fighting
 + Level 5.0 Long Blades
 - Level 0.8 Armour
 - Level 1.1 Dodging
 - Level 2.4 Spellcasting
 - Level 3.6 Charms


You had one spell level left.
You knew the following spells:

 Your Spells              Type           Power        Failure   Level  Hunger
A - Infusion              Chrm           ##....       6%          1    #......
B - Song of Slaying       Chrm           ##......     10%         2    ###....
C - Shroud of Golubria    Chrm/Tloc      #.........   17%         2    ###....


Dungeon Overview and Level Annotations

Branches:
Dungeon (3/15)

Altars:
Dithmenos
Sif Muna
Yredelemnul

Annotations:
D:2 Sigmund


Message History

Okay, then.
Drop what? 15/52 slots (_ for help) (? for menu, Esc to quit)
You drop a potion of degeneration {!q}.
You see here an uncursed blowgun.
d - an uncursed blowgun You see here a poisoned needle.
n - a poisoned needle You start resting.
Health restored: 24; Total turns waited: 45
n - 2 poisoned needles (gained 1)
n - 4 poisoned needles (gained 2)
q - a beef jerky A goblin comes into view.
The goblin shouts!
The goblin hits you but does no damage.
You closely miss the goblin. The goblin hits you.
You take 3 damage, and have 21/24 hp.
You hit the goblin!
You kill the goblin!
No target in view!
You start resting.
Health restored: 24; Total turns waited: 37 a hunting sling; 22 stones; a goblin corpse You butcher the goblin corpse.
r - a chunk of flesh; a hunting sling; 22 stones
s - a scroll labeled YMIRAE NISOGA You open the large door.
A goblin and an orc come into view.
The orc shouts!
The goblin shouts!
There is a large open door here.
You hit the orc but do no damage. The orc hits you with a mace.
You take 2 damage, and have 22/24 hp.
You hit the orc but do no damage. The orc closely misses you.
You hit the orc!
You kill the orc!
You hit the goblin.
You kill the goblin!
No target in view!
No target in view!
You start resting.
Health restored: 24; Total turns waited: 22
Items here: )) [ †† a club; a mace; a chain mail; a goblin corpse; an orc corpse You butcher the goblin corpse.
r - 2 chunks of flesh (gained 1)
Items here: )) [ † a club; a mace; a chain mail; an orc corpse You butcher the orc corpse.
r - 3 chunks of flesh (gained 1); a club; a mace; a chain mail You open the large door.
A goblin, a kobold and 3 orcs come into view.
The kobold shouts!
The orc shouts!
The orc shouts!
The orc shouts!
An adder comes into view.
The kobold throws a stone.
The stone closely misses you. The orc misses you.
There is a large open door here.
Spoiler Alert: The adder is fast and can poison!
You start singing a song of slaying.
The kobold throws a stone.
The stone misses you.
The orc hits you from afar with a trident!
You take 10 damage, and have 14/24 hp.
MASSIVE DAMAGE!!
You now have 6/8 mp.
Spoiler Alert: The adder is fast and can poison!
A goblin opens the door.
The orc hits you with a flail. The orc hits you with a dagger.
* * * LOW HITPOINT WARNING * * *
You take 9 damage, and have 5/24 hp.
MASSIVE DAMAGE!!
The goblin hits you.
* * * LOW HITPOINT WARNING * * *
The orc hits you with a dagger.
* * * LOW HITPOINT WARNING * * *
There is an open door, spattered with blood here.
You take 4 damage, and have 1/24 hp.
Spoiler Alert: The adder is fast and can poison!
MP restored: 8 Your song is almost over.
Your song has ended.
There is a stone staircase leading up here.
The orc hits you with a flail.
* * * LOW HITPOINT WARNING * * *
You climb upwards.
Level annotation: Sigmund Sigmund zaps a wand.
You turn into a filthy swine.
Your +1 falchion melds into your body.
Your +0 leather armour melds into your body.
Your cursed ring of loudness {Stlth-} melds into your body.
There is a stone staircase leading down here.
You take 1 damage, and have 2/24 hp.
Spoiler Alert: Sigmund can cast Slow, Confuse, Throw Flame, and go Invisible!
Sigmund points at you and mumbles some strange words.
The puff of flame misses you.
Your transformation is almost over.
Sigmund gestures at you while chanting.
You are confused.
You bump into the rock wall.
Spoiler Alert: Sigmund can cast Slow, Confuse, Throw Flame, and go Invisible!
Sigmund points at you and mumbles some strange words.
The magic dart hits you!
You die...

#....# #####.#.######
###.##.# #...#........#
....##.# #.#.#.######.#
######.# #.#.########.#
#.....# #†#.......##.#
##.##### #.######.###.#
...##### #............###
.......##########.#......#
................h.#...#.##
..................#.#...#
...#.#.##........##.#.####
.....#.##.####...........#
.#####.##># #.@....#.#.##
.......##.####.#..###.#.#
#########.o..#.#### #.#.#
#########......######.#.#
..........#..####.....#.#


You could see Sigmund.

Vanquished Creatures
  An adder (D:2)
  2 worms (D:2)
  2 giant geckos (D:1)
  An orc (D:3)
  7 goblins
  2 hobgoblins (D:1)
  3 jackals (D:1)
  5 bats
  3 giant cockroaches
  2 giant newts (D:2)
  6 kobolds
  3 rats
37 creatures vanquished.

Notes
Turn   | Place    | Note
--------------------------------------------------------------
     0 | D:1      | Pikaro, the High Elf Skald, began the quest for the Orb.
     0 | D:1      | Reached XP level 1. HP: 14/14 MP: 4/4
   344 | D:1      | Reached skill level 3 in Long Blades
   555 | D:1      | Reached XP level 2. HP: 19/19 MP: 6/6
  1323 | D:1      | Reached skill level 4 in Long Blades
  1554 | D:2      | Reached XP level 3. HP: 11/24 MP: 8/8
  1860 | D:2      | HP: 6/24 [poisoned by an adder]
  1868 | D:2      | HP: 5/24 [poisoned by an adder]
  2198 | D:2      | Found a deep blue altar of Sif Muna.
  2201 | D:2      | Found a basalt altar of Yredelemnul.
  2204 | D:2      | Found a shadowy altar of Dithmenos.
  2231 | D:2      | Noticed Sigmund
  2275 | D:1      | Learned a level 2 spell: Song of Slaying
  2278 | D:1      | Learned a level 2 spell: Shroud of Golubria
  2757 | D:3      | Reached skill level 5 in Long Blades
  2947 | D:3      | HP: 5/24 [orc/dagger (4)]
  2948 | D:3      | HP: 1/24 [orc/dagger (3)]
  2977 | D:3      | HP: 2/24 [orc/flail (1)]
  2993 | D:2      | Killed from afar by Sigmund

Action                   || total
-------------------------++-------
Melee: Falchion          ||    94
 Cast: Infusion          ||     2
       Shroud of Golubri ||     1
       Song of Slaying   ||     1
  Use: Scroll            ||     4
       Potion            ||     2
  Eat: Chunk             ||     2
       Bread ration      ||     1

Vault maps used:
D:1:      matt_arrival_spirals, minmay_fountain_box, st_stairs_1,
          serial_bayou_pond_d
D:2:      grunt_temple_overflow_diamond, uniq_sigmund
D:3:      kennysheep_generic_room_12, uniq_crazy_yiuf_cottage, uniq_robin,
          uniq_terence

Table legend:
 A = Turns spent in this place as a percentage of turns spent in the entire game.
 B = Non-inter-level travel turns spent in this place as a percentage of non-inter-level travel turns spent in the entire game.
 C = Inter-level travel turns spent in this place as a percentage of turns spent in this place.
 D = Turns resting spent in this place as a percentage of non-inter-level travel turns spent in this place.
 E = Turns spent auto-exploring this place as a percentage of non-inter-level travel turns spent in this place.
 F = Non-inter-level travel turns spent in this place divided by the number of levels of this place that you've seen.
                   A       B       C       D       E      F
               +-------+-------+-------+-------+-------+----------------------
         Total | 100.0 | 100.0 |   0.4 |  10.6 |  10.8 | 157.0
       Dungeon | 100.0 | 100.0 |   0.4 |  10.6 |  10.8 | 157.0
               +-------+-------+-------+-------+-------+----------------------

Table legend:
 A = Kills in this place as a percentage of kills in entire the game.
 B = Kills by you in this place as a percentage of kills by you in the entire game.
 C = Kills by friends in this place as a percentage of kills by friends in the entire game.
 D = Other kills in this place as a percentage of other kills in the entire game.
 E = Experience gained in this place as a percentage of experience gained in the entire game.
 F = Experience gained in this place divided by the number of levels of this place that you have seen.
                   A       B       C       D       E      F
               +-------+-------+-------+-------+-------+----------------------
         Total | 100.0 | 100.0 |  -nan |  -nan | 100.0 |  28.3
       Dungeon | 100.0 | 100.0 |  -nan |  -nan | 100.0 |  28.3
               +-------+-------+-------+-------+-------+----------------------
